 Dungeon Crawl Stone Soup version 0.31-a0-1612-g4aaf141004 (webtiles) character file.

Game seed: 3323865253657828845

426 Newt the Spear-Bearer (level 6, -4/48 HPs)
             Began as a Merfolk Gladiator on Jan 9, 2024.
             Was an Initiate of Hepliaklqana.
             Slain by a gnoll
             ... wielding a +0 flail
             ... led by a gnoll bouda
              (8 damage)
             ... on level 5 of the Dungeon.
             The game lasted 00:04:22 (3454 turns).

Newt the Spear-Bearer (Merfolk Gladiator)           Turns: 3454, Time: 00:04:23

Health: -4/48      AC:  5    Str: 17    XL:     6   Next: 97%
Magic:  6/6        EV:  6    Int:  7    God:    Hepliaklqana [......]
Gold:   181        SH:  0    Dex: 15    Spells: 5/5 levels left

rFire   . . .        a - +0 trident (freeze)
rCold   . . .        g - +0 kite shield
rNeg    . . .        b - +0 leather armour
rPois   .            c - +0 helmet
rElec   .            (no cloak)
rCorr   .            l - +0 pair of gloves
SInv    .            (no boots)
Will    .....        (no amulet)
Stlth   +            (no ring)
HPRegen 0.28/turn    (no ring)
MPRegen 0.10/turn

%: no passive effects
@: attractive, held
A: (nimble swimmer 2), mertail
a: Renounce Religion


You were on level 5 of the Dungeon.
You worshipped Hepliaklqana.
Hepliaklqana was noncommittal.
You visited 2 branches of the dungeon, and saw 6 of its levels.

You collected 181 gold pieces.

Inventory:

Hand Weapons
 a - a +0 trident of freezing (weapon)
Missiles
 d - a throwing net (quivered)
 e - 3 javelins
Armour
 b - a +0 leather armour (worn)
 c - a +0 helmet (worn)
 g - a +0 kite shield (worn)
 l - a +0 pair of gloves (worn)
 n - a +1 scale mail of fire resistance
Wands
 m - a wand of charming (6)
Scrolls
 f - a scroll of teleportation
 i - a scroll of amnesia
 j - 2 scrolls of vulnerability
 o - a scroll of identify
Potions
 h - a potion of might
 k - a potion of attraction
 p - 2 potions of degeneration {unknown}


   Skills:
 - Level 4.0 Fighting
 - Level 8.0 Polearms
 - Level 2.0 Throwing
 - Level 4.0 Dodging
 - Level 3.0 Shields
 + Level 0.1 Spellcasting
 + Level 0.1 Summonings


You had 5 spell levels left.
You didn't know any spells.
Your spell library contained the following spells:

 Spells                   Type           Power      Damage    Failure   Level
 Magic Dart               Conj           0%         1d3       85%         1
 Call Imp                 Summ           0%         N/A       92%         2
 Blink                    Tloc           0%         N/A       94%         2
 Jinxbite                 Hex            0%         N/A       94%         2
 Ignite Poison            Fire/Alch      0%         N/A       100%        4
 Leda's Liquefaction      Alch/Erth      0%         N/A       100%        4
 Sticky Flame             Fire/Alch      0%         2d4       100%        4
 Lee's Rapid Deconstruct  Erth           0%         3d4*      100%        5
 Yara's Violent Unravell  Hex/Alch       0%         3d3       100%        5
 Bombard                  Conj/Erth      0%         9d1       100%        6
 Enfeeble                 Hex            0%         N/A       100%        7
 Ignition                 Fire           0%         3d3       100%        8


Dungeon Overview and Level Annotations

Branches:
Dungeon (5/15)             Temple (1/1) D:4

Altars:
Cheibriados
Dithmenos
Fedhas
Gozag
Hepliaklqana
Kikubaaqudgha
Makhleb
Okawaru
Qazlal
Ru
Sif Muna
Wu Jian
Xom
Yredelemnul
Zin
The Shining One

Annotations:
D:4 3 runed translucent doors, Consumeair16's ghost, novice DsBe


Innate Abilities, Weirdness & Mutations

((You are very nimble when in or above water. (Stealth+, EV+, Speed+++)))
Your lower body shifts to a powerful aquatic tail in water.


Message History

You feel your attacks grow feeble.
You reach to attack!
You closely miss the gnoll.
The gnoll throws a throwing net.
The throwing net hits you.
You become entangled in the net!
You struggle against the net.
The gnoll bouda barks out a call to the hunt!
The gnolls pick up the pace!
The gnoll hits you from afar with a +0 halberd!
You hear an angry hiss.
Unknown command.
You struggle against the net.
The gnoll hits you with a +0 whip. The gnoll hits you with a +0 flail.
The gnoll hits you from afar with a +0 halberd!
Unknown command.
Unknown command.
Unknown command.
You struggle against the net.
An adder comes into view.
The gnoll barely misses you. x2; The gnoll hits you but does no damage.
The gnoll bouda hits you with a +0 whip.
* * * LOW HITPOINT WARNING * * *
Unknown command.
Unknown command.
Aiming: Charm
Press: ? - help, Shift-Dir - straight line, f/p - gnoll
Aim: a gnoll, wielding a +0 halberd (covering ground quickly, chance to affect: 57%)
The gnoll bouda is charmed.
Your attacks no longer feel as feeble.
The gnoll hits you with a +0 whip.
* * * LOW HITPOINT WARNING * * *
The gnoll hits you with a +0 flail.
* * * LOW HITPOINT WARNING * * *
The gnoll hits you from afar with a +0 halberd!
* * * LOW HITPOINT WARNING * * *
Unknown command.
Unknown command.
It was a potion of attraction.
You feel attractive to monsters. The gnoll barely misses you.
The gnoll hits you with a +0 flail!
You die...

##.. ...
... #.. #.#
#. #.#
.#...##.###
..S...g@..#
#.....gg..#
#.....g...#
##........#
#........#
#........#
#...######
#...


You could see 3 gnolls, an adder and a friendly gnoll bouda (charmed).

Vanquished Creatures
  A black bear (D:4)
  2 scorpions (D:4)
  A scorpion zombie (D:4)
  An iguana (D:4)
  Ijyb (D:3)
  A hound zombie (D:4)
  2 adders
  3 gnolls (D:2)
  A dart slug (D:2)
  An orc (D:4)
  4 endoplasms
  8 goblins
  5 hobgoblins
  13 jackals
  11 kobolds
  4 quokkas
  6 ball pythons
  6 bats
  2 frilled lizards (D:3)
  2 rats (D:1)
75 creatures vanquished.

Notes
Turn   | Place    | Note
-------+----------+-------------------------------------------
     0 | D:1      | Newt the Merfolk Gladiator began the quest for the Orb.
     0 | D:1      | Reached XP level 1. HP: 16/16 MP: 1/1
   205 | D:1      | Reached XP level 2. HP: 23/23 MP: 2/2
   725 | D:1      | Reached XP level 3. HP: 29/30 MP: 3/3
  1273 | D:2      | Reached XP level 4. HP: 22/37 MP: 4/4
  1279 | D:2      | Reached skill level 5 in Polearms
  1522 | D:2      | You fall into a shaft and drop 2 floors!
  1527 | D:4      | Identified the +1 dagger of the Apocalypse {drain, Int+3
                  | Dex+3}
  1527 | D:4      | Noticed a scorpion
  1527 | D:4      | Noticed a scorpion
  1993 | D:3      | Noticed Ijyb
  2018 | D:3      | Killed Ijyb
  2019 | D:3      | Reached skill level 6 in Polearms
  2019 | D:3      | Reached XP level 5. HP: 14/42 MP: 5/5
  2596 | D:4      | Noticed a black bear
  2610 | D:4      | Killed a black bear
  2611 | D:4      | Reached skill level 7 in Polearms
  2636 | D:4      | Reached skill level 8 in Polearms
  2636 | D:4      | Reached XP level 6. HP: 10/48 MP: 6/6
  3004 | D:4      | Found a staircase to the Ecumenical Temple.
  3219 | D:4      | Found a runed translucent gate.
  3219 | D:4      | Found a runed translucent gate.
  3219 | D:4      | Found a runed translucent gate.
  3219 | D:4      | Noticed Consumeair16's ghost (novice DsBe)
  3242 | Temple   | Entered the Ecumenical Temple
  3249 | Temple   | Became a worshipper of Hepliaklqana the Forgotten
  3278 | D:4      | Found a basalt altar of Yredelemnul.
  3447 | D:5      | Entered Level 5 of the Dungeon
  3454 | D:5      | Slain by a gnoll

Illustrated notes

Levels and vault maps discovered:
D:1:      orjb1_clovarrival, layout_loops_corners, st_stairs_1,
          minmay_misc_feat_rugged, corexii_leaking_fountain
D:2:      layout_basic, ebering_ecumenical_altar_petrified
D:3:      layout_loops_ring, amcnicky_mini_rare_corridor_liquid,
          grunt_decor_arrowhead, uniq_ijyb
D:4:      layout_rooms, nicolae_yredelemnul_ghost_church,
          minmay_temple_entry_antechambers
D:5:      minmay_chambers_of_fours, layout_rooms, vehumet_statue,
          gammafunk_ghost_abyssal_escape
Temple:   eino_wide_crystal_templ

Skill      XL: |  1  2  3  4  5  6 |
---------------+-------------------+-----
Fighting       | 3 4 |  4.0
Polearms       | 6 8 |  8.0
Shields        | 3 |  3.0
Throwing       | |  2.0
Dodging        | |  4.0
Spellcasting   | |  0.1
Summonings     | |  0.1

Action                     |  1- 3 |  4- 6 || total
---------------------------+-------+-------++-------
  Melee: Trident           |   108 |   156 ||   264
         Punch             |     1 |       ||     1
  Throw: Throwing net      |     1 |     1 ||     2
         Javelin           |     1 |       ||     1
  Evoke: Wand              |       |     1 ||     1
    Use: Scroll            |     5 |     3 ||     8
         Potion            |     1 |     1 ||     2
   Stab: Sleeping          |     1 |     1 ||     2
 Armour: Leather armour    |    51 |    98 ||   149
  Dodge: Dodged            |    73 |    72 ||   145
  Block: Kite shield       |    30 |    46 ||    76

Table legend: (Time is in decaauts)
 A = Elapsed time spent in this place.
 B = Non-inter-level travel time spent in this place.
 C = Inter-level travel time spent in this place.
 D = Time resting spent in this place.
 E = Time spent auto-exploring this place.
 F = Levels seen in this place.
 G = Mean time per level.
                   A        B        C        D        E       F      G
               +--------+--------+--------+--------+--------+-----+--------+
         Total |   3484 |   3288 |    196 |    464 |   2252 |   6 |  580.7 |
       Dungeon |   3470 |   3288 |    182 |    464 |   2252 |   5 |  694.0 |
        Temple |     14 |      1 |     13 |      0 |      0 |   1 |   14.0 |
               +--------+--------+--------+--------+--------+-----+--------+

Top non-repeatable levels by time:
     D:1: 1055 daAuts
     D:3: 983 daAuts
     D:4: 944 daAuts
     D:2: 480 daAuts
  Temple: 14 daAuts
     D:5: 6 daAuts
